AoeStats
← ElMirteitor4000

Arabia

510001630Analyzed
2v2 RM · 5d ago on Sep 29, 2026· 50m 33s· 4 players
Game mode
Random Map
Map size
Medium (4 player)
Population
200
Speed
Normal
Resources
Standard
Victory
Conquest
Starting age
Dark Age
Ending age
Imperial Age
RankedLock teamsTeams togetherTeam positionsShared explorationLock speedFull tech treeHidden civsTurbo modeCheats
Victory
Defeat
🇦🇷 Magyars · Argentina
908
+14
🇦🇷 Spanish · Argentina
870
+15
🇺🇸 Varangians · United States
864
-15
🇦🇷 Mongols · Argentina
849
-14
FernetRush
6:58 Loom
9:15 Feudal Age
10:42 Double-Bit Axe
10:43 Horse Collar
16:03 Wheelbarrow
18:54 Castle Age
17:55 Bloodlines
19:41 Forging
22:46 Hand Cart
23:38 Iron Casting
26:29 Stone Mining
30:59 Elite Skirmisher
34:43 Heavy Plow
34:58 Bow Saw
41:40 Imperial Age
42:28 Fletching
42:39 Padded Archer Armor
42:45 Scale Barding Armor
42:29 Light Cavalry
43:48 Conscription
44:04 Hussar
44:57 Elite Mangudai
45:57 Leather Archer Armor
45:38 Bodkin Arrow
46:54 Heavy Camel Rider
DryDOM511
11:16 Feudal Age
22:35 Loom
25:31 Castle Age
25:09 Scale Mail Armor
34:14 Horse Collar
34:23 Double-Bit Axe
35:34 Forging
35:45 Heavy Plow
36:13 Fletching
37:28 Husbandry
37:38 Bloodlines
37:36 Scale Barding Armor
38:33 Wheelbarrow
42:40 Imperial Age
39:42 Elite Skirmisher
41:42 Hand Cart
40:51 Vendel Legacy
42:46 Iron Casting
42:44 Squires
42:29 Gambesons
43:13 Cavalier
44:16 Chain Barding Armor
44:56 Blast Furnace
45:05 Blast Furnace
45:54 Gold Mining
46:37 Elite Jarl
48:19 Crop Rotation
48:01 Bow Saw
ElMirteitor4000
10:37 Feudal Age
15:50 Bloodlines
18:45 Double-Bit Axe
22:57 Castle Age
22:57 Loom
23:48 Wheelbarrow
24:09 Husbandry
24:58 Thumb Ring
25:37 Light Cavalry
28:51 Bow Saw
31:12 Town Watch
33:42 Padded Archer Armor
33:32 Fletching
33:50 Scale Barding Armor
39:34 Imperial Age
37:06 Town Patrol
38:15 Ballistics
38:15 Leather Archer Armor
37:56 Bodkin Arrow
40:15 Heavy Cavalry Archer
41:21 Parthian Tactics
40:24 Hussar
43:50 Conscription
42:52 Elite Magyar Huszar
43:55 Stone Mining
43:56 Gold Mining
45:53 Corvinian Army
50:55 Chemistry
El Bicho
1:43 Loom
11:56 Feudal Age
14:24 Double-Bit Axe
18:45 Horse Collar
24:01 Castle Age
22:18 Forging
24:28 Pikeman
25:08 Squires
25:58 Scale Mail Armor
26:36 Bow Saw
27:30 Gold Mining
29:00 Arson
30:46 Stone Mining
34:09 Loom
34:59 Wheelbarrow
37:41 Iron Casting
37:22 Chain Mail Armor
42:19 Imperial Age
42:36 Halberdier
51:21 Conscription
Connection lost

Rejoining the realm…

Still unreachable

The connection could not be restored.

Session expired

The server has moved on; the page needs a fresh start.